 Dungeon Crawl Stone Soup version 0.20.1-1-g8b1a95d (webtiles) character file.

3306 empire the Carver (level 9, -1/70 HPs)
             Began as a Minotaur Fighter on July 7, 2017.
             Was a Believer of Nemelex Xobeh.
             Slain by a two-headed ogre
             ... wielding a +0 giant club
              (4 damage)
             ... on level 8 of the Dungeon.
             The game lasted 00:15:21 (6289 turns).

empire the Carver (Minotaur Fighter)                Turns: 6289, Time: 00:15:22

Health: -1/70      AC: 14    Str: 23    XL:     9   Next: 70%
Magic:  0/12       EV:  5    Int:  5    God:    Nemelex Xobeh [**....]
Gold:   104        SH:  9    Dex: 11    Spells: 8/8 levels left

rFire    . . .     SeeInvis .   a - +0 long sword (elec)
rCold    + . .     Gourm    .   c - +0 shield
rNeg     . . .     Faith    .   l - +1 chain mail
rPois    .         Spirit   +   (helmet restricted)
rElec    .         Reflect  .   H - +0 cloak
rCorr    .         Harm     .   n - +2 pair of gloves
MR       .....                  (no boots)
Stlth    ..........             p - amulet of guardian spirit
Regen    0.3/turn               F - ring of protection from cold
MPRegen  0.2/turn               (no ring)

@: hasted, very quick
A: retaliatory headbutt, horns 2
a: Renounce Religion


You were on level 8 of the Dungeon.
You worshipped Nemelex Xobeh.
Nemelex Xobeh was pleased with you.
You were near starving.

You visited 2 branches of the dungeon, and saw 9 of its levels.

You collected 393 gold pieces.
You spent 289 gold pieces at shops.

Inventory:

Hand Weapons
 a - a +0 long sword of electrocution (weapon)
 b - a +1 short sword of protection
 d - a +2 quarterstaff of chaos
 s - a cursed -2 spear
 u - a +2 spear of flaming
 w - a cursed -1 hand axe
 C - a +0 long sword
 E - a +3 hand axe
 I - a +2 dagger of venom
 X - a +3 halberd
Missiles
 B - 7 curare-tipped needles
Armour
 c - a +0 shield (worn)
 l - a +1 chain mail (worn)
 n - a +2 pair of gloves (worn)
 q - a +0 pair of gloves
 H - a +0 cloak (worn)
 W - a +0 plate armour
Magical Staves
 K - an uncursed staff of death {unknown}
Jewellery
 p - an amulet of guardian spirit (around neck)
 F - a ring of protection from cold (left hand)
 T - a cursed ring of teleportation
 V - a +2 ring of strength {unknown}
Wands
 m - a wand of disintegration (24/24)
 O - a wand of acid (7/15)
 P - a wand of polymorph (19/24)
 Q - a wand of iceblast (4/15)
 S - a wand of iceblast (8/15)
 U - a wand of polymorph (9/24)
Scrolls
 e - 2 scrolls of teleportation
 j - a scroll of blinking
 t - 3 scrolls of remove curse
 y - a scroll of recharging
 R - a scroll of enchant armour
Potions
 g - 2 potions of heal wounds
 i - 3 potions of mutation {unknown}
 o - a potion of ambrosia {unknown}
 r - 4 potions of flight {unknown}
 v - 3 potions of curing
 z - 2 potions of cancellation {unknown}
 D - 3 potions of brilliance {unknown}
 M - a potion of degeneration {unknown}
 N - a potion of haste
Books
 x - a book of Minor Magic

   Spells                             Type                      Level
   a - Magic Dart                     Conjuration                  1
   b - Blink                          Translocation                2
   c - Call Imp                       Summoning                    2
   d - Slow                           Hexes                        2
   e - Conjure Flame                  Conjuration/Fire             3
   f - Mephitic Cloud                 Conjuration/Poison/Air       3
 L - a book of Unlife

   Spells                             Type                      Level
   a - Recall                         Summoning/Translocation      3
   b - Animate Dead                   Necromancy                   4
   c - Control Undead                 Necromancy                   4
   d - Cigotuvi's Embrace             Necromancy                   5
   e - Death Channel                  Necromancy                   6
   f - Simulacrum                     Ice/Necromancy               6
Miscellaneous
 G - an ornate deck of destruction
 J - a plain deck of destruction
Comestibles
 f - 6 bread rations
 h - 5 royal jellies
 k - 7 meat rations
 A - 4 fruits


   Skills:
 - Level 3.6 Fighting
 - Level 13.5 Long Blades
 - Level 3.6 Armour
 - Level 3.6 Shields
 + Level 6.6 Evocations


You had 8 spell levels left.
You didn't know any spells.

Dungeon Overview and Level Annotations

Branches:
Dungeon (8/15)             Temple (1/1) D:5
   Lair: D:8-11

Altars:
Ashenzari
Cheibriados
Dithmenos
Elyvilon
Fedhas
Kikubaaqudgha
Makhleb
Nemelex Xobeh
Okawaru
Qazlal
Ru
Trog
Vehumet
Xom
Yredelemnul
Zin
The Shining One

Shops:
D:7 *   D:8 *


Innate Abilities, Weirdness & Mutations

You reflexively headbutt those who attack you in melee.
You have a pair of horns on your head.


Message History

You feel much better.
You feel yourself speed up.
The two-headed ogre hits you with a giant club!
The two-headed ogre hits you but does no damage.
You slash the two-headed ogre!
The two-headed ogre is moderately wounded.
The two-headed ogre hits you with a giant club!
The two-headed ogre hits you with a giant club.
* * * LOW HITPOINT WARNING * * *
You hit the two-headed ogre but do no damage.
Lightning courses through the two-headed ogre!
You headbutt the two-headed ogre!
The two-headed ogre is heavily wounded.
You hit the two-headed ogre but do no damage.
The two-headed ogre is heavily wounded.
The two-headed ogre hits you with a giant club!
* * * LOW HITPOINT WARNING * * *
The two-headed ogre hits you with a giant club.
You die...
Your body disappears without a glow.

###################.###.####
............††....<.........
######.###.#######.###.###.
#.# #.# #.#....##. #.#
#.#######.#.#..##. #.#
#.........#.#..#..
######.#######....>..##....
...................[.###.###
###+######.@....?##.....<...
#..O....##..######.
#.......##.......#.
#.....?.####.###.#.
#.......'.....(....
#.......####..##.##
#.......# ##.##... #.......#
#..###. .######## ##.###.


You could see a two-headed ogre.

Vanquished Creatures
  A two-headed ogre (D:8)
  A hippogriff (D:6)
  Sigmund (D:6)
  A wyvern (D:8)
  A hungry ghost (D:8)
  Menkaure (D:5)
  An ice beast (D:6)
  3 ogres
  2 elf zombies (D:7)
  Blork the orc (D:4)
  2 bullfrogs (D:6)
  A scorpion (D:6)
  5 killer bees (D:6)
  A wight (D:7)
  A crimson imp (D:7)
  A bullfrog zombie (D:6)
  A centaur zombie (D:6)
  Crazy Yiuf (D:6)
  3 hounds
  A centaur skeleton (D:8)
  A gnoll shaman (D:6)
  2 orc priests
  An orc wizard (D:5)
  4 human zombies (D:7)
  Jessica (D:3)
  3 iguanas
  A worker ant (D:7)
  An ogre zombie (D:7)
  2 mummies (D:7)
  A worker ant zombie (D:5)
  6 gnolls
  13 adders
  3 oozes
  An adder zombie (D:6)
  3 worms
  3 dart slugs
  2 leopard geckos
  16 orcs
  6 bats
  5 giant cockroaches
  8 hobgoblins
  18 jackals
  3 quokkas
  A ball python (D:5)
  5 frilled lizards
  14 goblins
  4 kobolds
  A leopard gecko skeleton (D:4)
  A leopard gecko zombie (D:7)
  2 orc zombies (D:7)
  A quokka skeleton (D:4)
  A quokka zombie (D:5)
  3 rats
167 creatures vanquished.

Vanquished Creatures (others)
  A fungus (D:6)
1 creature vanquished.

Grand Total: 168 creatures vanquished

Notes
Turn   | Place    | Note
-------+----------+-------------------------------------------
     0 | D:1      | empire the Minotaur Fighter began the quest for the Orb.
     0 | D:1      | Reached XP level 1. HP: 19/19 MP: 0/0
    11 | D:1      | Reached skill level 3 in Long Blades
    66 | D:1      | Reached XP level 2. HP: 24/26 MP: 1/1
   194 | D:1      | Reached skill level 4 in Long Blades
   410 | D:2      | Reached XP level 3. HP: 31/31 MP: 2/2
   452 | D:2      | Reached skill level 5 in Long Blades
   551 | D:2      | Reached XP level 4. HP: 26/39 MP: 1/3
   975 | D:3      | Found a sacrificial altar of Ru.
  1056 | D:3      | Reached skill level 6 in Long Blades
  1081 | D:3      | Found a bloodstained altar of Trog.
  1247 | D:3      | Reached XP level 5. HP: 39/45 MP: 4/4
  1281 | D:3      | Noticed Jessica
  1308 | D:3      | Killed Jessica
  1488 | D:3      | Reached skill level 7 in Long Blades
  1575 | D:4      | Noticed Blork the orc
  1581 | D:4      | Killed Blork the orc
  1581 | D:4      | Reached XP level 6. HP: 50/51 MP: 5/5
  1630 | D:4      | Reached skill level 8 in Long Blades
  2315 | D:4      | Reached skill level 9 in Long Blades
  2315 | D:4      | Reached XP level 7. HP: 10/57 MP: 1/6
  2722 | D:5      | Entered Level 5 of the Dungeon
  2774 | D:5      | Found a staircase to the Ecumenical Temple.
  2784 | Temple   | Entered the Ecumenical Temple
  2986 | Temple   | Became a worshipper of Nemelex Xobeh the Trickster
  3124 | D:5      | Received a gift from Nemelex Xobeh
  3183 | D:5      | Noticed Menkaure
  3188 | D:5      | Killed Menkaure
  3377 | D:5      | Found a glowing silver altar of Zin.
  3397 | D:5      | Reached skill level 10 in Long Blades
  3612 | D:5      | You fall through a shaft for 3 floors!
  3651 | D:8      | Found Jauqiupn's Assorted Antiques.
  3660 | D:8      | Bought a scroll labeled BORYCU RY ETTIPROA for 34 gold pieces
  3660 | D:8      | Bought a brown potion for 30 gold pieces
  3660 | D:8      | Bought a scroll labeled RAEBBE APAHOPP for 34 gold pieces
  3660 | D:8      | Bought a scroll labeled YSHROE XICEF for 34 gold pieces
  3660 | D:8      | Bought a dark potion for 30 gold pieces
  3660 | D:8      | Bought 2 black potions for 61 gold pieces
  3660 | D:8      | Bought a scroll labeled TEYN ZADWULOTA for 34 gold pieces
  3837 | D:8      | Noticed a two-headed ogre
  3840 | D:7      | Received a gift from Nemelex Xobeh
  3873 | D:7      | Reached * piety under Nemelex Xobeh
  3884 | D:7      | Found Sabboiw's Assorted Antiques.
  3895 | D:7      | Bought a scroll labeled YSHROE XICEF for 32 gold pieces
  4056 | D:6      | Found an ancient bone altar of Kikubaaqudgha.
  4162 | D:6      | Reached skill level 11 in Long Blades
  4173 | D:6      | Reached XP level 8. HP: 52/64 MP: 7/7
  4528 | D:6      | Noticed Sigmund
  4536 | D:6      | Killed Sigmund
  4536 | D:6      | Reached skill level 12 in Long Blades
  4579 | D:6      | Found a runed door.
  4583 | D:6      | Noticed Crazy Yiuf
  4588 | D:6      | Killed Crazy Yiuf
  4739 | D:6      | Noticed a hippogriff
  5282 | D:6      | Killed a hippogriff
  5282 | D:6      | Reached skill level 13 in Long Blades
  5712 | D:7      | Found a stormy altar of Qazlal.
  5714 | D:7      | Noticed an air elemental
  5758 | D:7      | Reached ** piety under Nemelex Xobeh
  5817 | D:7      | Reached XP level 9. HP: 70/70 MP: 8/8
  5830 | D:7      | Reached skill level 1 in Evocations
  5869 | D:7      | Found a basalt altar of Yredelemnul.
  6150 | D:8      | Found a shattered altar of Ashenzari.
  6204 | D:8      | Noticed a two-headed ogre
  6210 | D:8      | Killed a two-headed ogre
  6289 | D:8      | HP: 3/70 [two-headed ogre/giant club (16)]
  6289 | D:8      | Slain by a two-headed ogre

Skill      XL: |  1  2  3  4  5  6  7  8  9 |
---------------+----------------------------+-----
Long Blades    | 3 4 5 6 7 9 11 13 | 13.5
Evocations     | 6 |  6.6
Fighting       | |  3.6
Armour         | |  3.6
Shields        | |  3.6

Action                   |  1- 3 |  4- 6 |  7- 9 || total
-------------------------+-------+-------+-------++-------
Melee: Long sword        |    72 |   139 |   288 ||   499
       Headbutt          |    12 |    24 |    50 ||    86
  Use: Scroll            |       |       |    19 ||    19
       Potion            |       |       |     5 ||     5
 Stab: Distracted        |     1 |       |       ||     1
  Eat: Chunk             |       |     4 |    14 ||    18
Armor: Scale mail        |    14 |       |       ||    14
       Chain mail        |    26 |    82 |   141 ||   249
Dodge: Dodged            |    25 |    33 |    36 ||    94
Block: Shield            |    38 |    50 |   141 ||   229
       Rpst.: Long sword |     8 |    11 |     9 ||    28
